 Dungeon Crawl Stone Soup version 0.27.1-15-g792fb953b9 (webtiles) character file.

Game seed: 13517210853827096029

70 Revguard the Firebug (level 4, -1/41 HPs)
             Began as an Ogre Fire Elementalist on Nov 19, 2021.
             Slain by Crazy Yiuf (14 damage)
             ... on level 2 of the Dungeon.
             The game lasted 00:05:47 (2194 turns).

Revguard the Firebug (Ogre Fire Elementalist)       Turns: 2194, Time: 00:05:48

Health: -1/41      AC:  4    Str: 12    XL:     4   Next: 21%
Magic:  5/8        EV: 10    Int: 17    God:
Gold:   109        SH:  0    Dex:  9    Spells: 1/8 levels left

rFire    . . .     SeeInvis .   k - +0 mace
rCold    . . .     Faith    .   (no shield)
rNeg     . . .     Spirit   .   a - +0 robe
rPois    .         Reflect  .   (helmet restricted)
rElec    .         Harm     .   j - +0 cloak
rCorr    .         Rampage  .   (gloves unavailable)
Will     .....                  (boots unavailable)
Stlth    +.........             (no amulet)
HPRegen  0.13/turn              (no ring)
MPRegen  0.11/turn              (no ring)

@: no status effects
A: large, unfitting armour, tough skin 1
a: no special abilities


You were on level 2 of the Dungeon.
You visited 1 branch of the dungeon, and saw 2 of its levels.

You collected 109 gold pieces.

Inventory:

Hand Weapons
 d - a +0 club
 k - a +0 mace (weapon)
Missiles
 h - 4 large rocks
Armour
 a - a +0 robe (worn)
 j - a +0 cloak (worn)
Scrolls
 e - a scroll of fear {unknown}
 g - a scroll of identify {unknown}
 i - a scroll of summoning {unknown}
 l - a scroll of teleportation {unknown}
Potions
 b - a potion of might {unknown}
 c - a potion of attraction {unknown}
 f - 2 potions of lignification {unknown}


   Skills:
 + Level 1.6 Fighting
 + Level 1.0 Maces & Flails
 + Level 0.9 Armour
 + Level 2.2 Dodging
 - Level 1.4 Stealth
 + Level 2.8 Spellcasting
 + Level 1.4 Conjurations
 + Level 3.0 Fire Magic


You had one spell level left.
You knew the following spells:

 Your Spells              Type           Power      Damage    Failure   Level
a - Foxfire               Conj/Fire      40%        2x1d6     7%          1
b - Conjure Flame         Conj/Fire      10%        6-21      22%         3
c - Inner Flame           Hex/Fire       7%         N/A       28%         3

Your spell library contained the following spells:

 Spells                   Type           Power      Damage    Failure   Level
 Sticky Flame             Conj/Fire      10%        2d3       56%         4
 Fireball                 Conj/Fire      5%         3d5       89%         5


Dungeon Overview and Level Annotations

Branches:
Dungeon (2/15)

Altars:

Annotations:
D:2 Crazy Yiuf


Innate Abilities, Weirdness & Mutations

You are too large for most types of armour.
You have tough skin. (AC +1)


Message History

You conjure some foxfire!
The foxfire hits Jessica.
Jessica is severely wounded.
Casting: Foxfire (safe; 8% risk of failure)
Confirm with . or Enter, or press ? or * to list all spells.
You conjure some foxfire!
The foxfire hits Jessica.
You kill Jessica!
Your Maces & Flails skill increases to level 1!
You have reached level 4!
Your foxfire dissipates! x2
Your foxfire dissipates! x2
Things that are here:
a +0 club; a +0 robe
Okay, then.
You see here 21 stones.
There is a stone staircase leading down here.
You open the door.
Crazy Yiuf grits, "Walk King pizzabubble!"
Casting: Foxfire (safe; 7% risk of failure)
Confirm with . or Enter, or press ? or * to list all spells.
You conjure some foxfire!
Crazy Yiuf barely misses you.
You closely miss Crazy Yiuf.
The foxfire hits Crazy Yiuf.
Crazy Yiuf is lightly wounded.
The foxfire hits Crazy Yiuf but does no damage.
Crazy Yiuf is lightly wounded.
Crazy Yiuf says, "Dawk seventy agre!"
Crazy Yiuf barely misses you.
Casting: Foxfire (safe; 7% risk of failure)
Confirm with . or Enter, or press ? or * to list all spells.
You conjure some foxfire!
Crazy Yiuf hits you with a +3 quarterstaff of chaos!
Crazy Yiuf draws strength from your wounds!
Casting: Foxfire (safe; 7% risk of failure)
Confirm with . or Enter, or press ? or * to list all spells.
You conjure some foxfire!
The foxfire hits Crazy Yiuf.
Crazy Yiuf is moderately wounded.
The foxfire hits Crazy Yiuf but does no damage.
Crazy Yiuf is moderately wounded.
Crazy Yiuf hits you with a +3 quarterstaff of chaos!
You are electrocuted!
You die...

####♣♣ ### ##..+P♣♣
♣♣#..)#
#..).)P♣♣♣♣.'...#
#...§@g.♣..♣#...#
#.#.+vv♣.♣♣♣ ###
#.###♣♣♣♣♣ #.# #.#
##########
#.###########.........
#................#####
#############....#
#....#


You could see Crazy Yiuf (ally target).

Vanquished Creatures
  Jessica (D:2)
  An adder (D:2)
  2 bats
  5 endoplasms
  A giant cockroach (D:1)
  3 goblins (D:1)
  3 hobgoblins (D:1)
  4 jackals (D:2)
  3 quokkas
  3 ball pythons
  2 frilled lizards
  2 kobolds (D:2)
  4 rats
34 creatures vanquished.

Vanquished Creatures (others)
  64 foxfires
64 creatures vanquished.

Grand Total: 98 creatures vanquished

Notes
Turn   | Place    | Note
-------+----------+-------------------------------------------
     0 | D:1      | Revguard the Ogre Fire Elementalist began the quest for the
                  | Orb.
     0 | D:1      | Reached XP level 1. HP: 16/16 MP: 3/3
   144 | D:1      | Reached skill level 1 in Conjurations
   482 | D:1      | Reached XP level 2. HP: 26/26 MP: 3/5
   587 | D:1      | Found a faded altar of an unknown god.
   652 | D:1      | Reached skill level 1 in Fighting
  1458 | D:2      | Reached XP level 3. HP: 33/33 MP: 4/6
  1462 | D:2      | Learned a level 3 spell: Conjure Flame
  1466 | D:2      | Learned a level 3 spell: Inner Flame
  1777 | D:2      | Reached skill level 3 in Fire Magic
  1870 | D:2      | Found a runed translucent door.
  1871 | D:2      | Noticed Crazy Yiuf
  2022 | D:2      | Noticed Jessica
  2027 | D:2      | Killed Jessica
  2028 | D:2      | Reached skill level 1 in Maces & Flails
  2028 | D:2      | Reached XP level 4. HP: 41/41 MP: 3/8
  2194 | D:2      | Slain by Crazy Yiuf

Illustrated notes

Levels and vault maps discovered:
D:1:      lemuel_arrival_rhombus, layout_loops_ring,
          hellmonk_ecumenical_altar_leap_of_faith, feat_on_display
D:2:      layout_rooms, item_on_display_b, uniq_crazy_yiuf_cottage, uniq_jessica

Skill      XL: |  1  2  3 |
---------------+----------+-----
Conjurations   | 1 |  1.4
Dodging        | 2 |  2.2
Fighting       | 1 |  1.6
Fire Magic     | 3 |  3.0
Maces & Flails | 1 |  1.0
Armour         | |  0.9
Stealth        | |  1.4
Spellcasting   | |  2.8

Action                   |  1- 3 |  4- 6 || total
-------------------------+-------+-------++-------
Melee: Unarmed           |     3 |       ||     3
       Club              |    55 |       ||    55
       Mace              |     1 |     1 ||     2
 Cast: Foxfire           |    36 |     3 ||    39
Armor: Robe              |    23 |       ||    23
Dodge: Dodged            |    44 |     2 ||    46
